cohdb
Replays
Latest Replays
All Replays
Popular Replays
Top Player Replays
Match Explorer
How It Works
Community
CoH3 Stats
Reddit
Sign in to upload your games and track your stats! →
Sign in with Steam
Match 29502188
Unlisted
Match 29502188
Overview
Messages
Build Orders
End
Kradschützen Motorcycle Team
Selects Italian Combined Arms Battlegroup
Selects Bersaglieri Squad
Bersaglieri Squad
Bersaglieri Squad
Construct Light Support Kompanie
2.5-tonne Medical Truck
Bersaglieri Squad
Selects Bersaglieri Bolster
MG34 Team
Fire Support Elements
Selects Breda Model 30 Light Machine Guns
Flakvierling Half-track
le.IG 18 Mechanized Group
Combat Half-tracks
MG34 Team
Panzerjäger Squad
Selects Semovente da 75/18 Assault Gun
Flakvierling Half-track
Selects Strafing Run
Selects Pact of Steel
2.5-tonne Medical Truck
Semovente da 75/18 Assault Gun
Construct Mechanized Kompanie
254 Reconnaissance Tractor
Marder III Tank Destroyer
2.5-tonne Medical Truck
Flakvierling Half-track
254 Reconnaissance Tractor
HulkSMASH
⚓️Ruby⚓
汗流浃背德棍
ashilrye
0
0
Comments
sign in to comment!
No comments posted yet!